 Dungeon Crawl Stone Soup version 0.31-a0-217-g58bb5d79cf (webtiles) character file.

Game seed: 16896902149667135742

574 MacCMillion the Shooter (level 7, 32/32 HPs)
             Began as a Spriggan Hexslinger on July 3, 2023.
             Was an Initiate of Nemelex Xobeh.
             Quit the game on level 5 of the Dungeon.
             The game lasted 00:17:26 (4688 turns).

MacCMillion the Shooter (Spriggan Hexslinger)       Turns: 4688, Time: 00:17:26

Health: 32/32      AC:  3    Str:  4    XL:     7   Next: 12%
Magic:  10/10      EV: 19    Int: 14    God:    Nemelex Xobeh [......]
Gold:   227        SH:  0    Dex: 26    Spells: 7/8 levels left

rFire   . . .        a - +1 sling
rCold   . . .        (no shield)
rNeg    . . .        c - +0 robe
rPois   .            (helmet restricted)
rElec   .            m - +0 cloak
rCorr   .            (gloves unavailable)
SInv    +            (boots unavailable)
Will    ++...        (no amulet)
Stlth   +++          e - ring of willpower
HPRegen 0.25/turn    z - +6 ring of dexterity
MPRegen 0.12/turn

%: no passive effects
@: very quick
A: very small, no large weapons, unfitting armour, see invisible, speed 3
a: Renounce Religion, Draw Escape, Draw Destruction, Draw Summoning


You were on level 5 of the Dungeon.
You worshipped Nemelex Xobeh.
Nemelex Xobeh was noncommittal.
You visited 2 branches of the dungeon, and saw 6 of its levels.

You collected 277 gold pieces.
You spent 50 gold pieces at shops.

Inventory:

Hand Weapons
 a - a +1 sling (weapon)
 s - a +0 orcbow
Missiles
 d - 7 poisoned darts
 y - 2 throwing nets
Armour
 c - a +0 robe (worn)
 m - a +0 cloak (worn)
Jewellery
 e - a ring of willpower (left hand)
 z - a +6 ring of dexterity (right hand)
Wands
 p - a wand of digging (5)
Scrolls
 b - 3 scrolls of poison
 f - 4 scrolls of identify {unknown}
 g - 3 scrolls of noise {unknown}
 i - 2 scrolls of enchant weapon {unknown}
 k - 2 scrolls of teleportation {unknown}
 o - a scroll of enchant armour {unknown}
 q - a scroll of fog {unknown}
 r - a scroll of acquirement {unknown}
 t - a scroll of revelation {unknown}
 u - a scroll of immolation {unknown}
 w - a scroll of blinking {unknown}
Potions
 h - 2 potions of curing {unknown}
 j - a potion of enlightenment {unknown}
 l - a potion of heal wounds
 n - a potion of might
 v - a potion of attraction {unknown}
 x - a potion of cancellation {unknown}


   Skills:
 - Level 0.7 Fighting
 + Level 6.9 Ranged Weapons
 - Level 2.7 Dodging
 + Level 3.7 Stealth
 - Level 1.4 Spellcasting
 + Level 4.8 Hexes


You had 7 spell levels left.
You knew the following spells:

 Your Spells              Type           Power      Damage    Failure   Level
a - Slow                  Hex            56%        N/A       3%          1

Your spell library contained the following spells:

 Spells                   Type           Power      Damage    Failure   Level
 Inner Flame              Hex/Fire       7%         N/A       28%         3
 Portal Projectile        Hex/Tloc       14%        N/A       28%         3
 Cause Fear               Hex            7%         N/A       34%         4
 Blink                    Tloc           0%         N/A       36%         2
 Lesser Beckoning         Tloc           0%         N/A       36%         2
 Momentum Strike          Conj/Tloc      0%         3d8       36%         2
 Frozen Ramparts          Ice            0%         1d1       58%         3
 Ice Form                 Ice/Tmut       0%         N/A       94%         4
 Summon Ice Beast         Ice/Summ       0%         N/A       94%         4


Dungeon Overview and Level Annotations

Branches:
Dungeon (5/15)             Temple (1/1) D:5

Altars:
Ashenzari
Dithmenos
Gozag
Hepliaklqana
Kikubaaqudgha
Nemelex Xobeh
Okawaru
Qazlal
Sif Muna
Uskayaw
Vehumet
Wu Jian
Xom
Yredelemnul
The Shining One

Shops:
D:2 !

Annotations:
D:2 Natasha
D:3 priest
D:4 Grinder


Innate Abilities, Weirdness & Mutations

You are very small and have problems with some larger weapons.
You are too small for most types of armour.
You have supernaturally acute eyesight. (SInv)
You cover ground extremely quickly. (Speed+++)


Message History

Moving in this stuff is going to be slow.
Found a shadowy altar of Dithmenos.
You enter the shallow water.
Moving in this stuff is going to be slow.
You enter the shallow water.
Moving in this stuff is going to be slow.
There is a staircase back to the Dungeon here.
You enter the shallow water.
Moving in this stuff is going to be slow.
Found an ancient bone altar of Kikubaaqudgha.
There is a basalt altar of Yredelemnul here.
You enter the shallow water.
Moving in this stuff is going to be slow.
There is a glowing golden altar of the Shining One here.
You enter the shallow water.
Moving in this stuff is going to be slow.
Done exploring.
Okay, then.
Done exploring.
Done exploring.
Okay, then.
e - a ring of willpower (left hand)
You feel agile.
z - a +6 ring of dexterity (right hand)
There is a staircase back to the Dungeon here.
There is a sparkling altar of Nemelex Xobeh here.
You kneel at the altar of Nemelex Xobeh.
Nemelex Xobeh welcomes you!
You can now draw from decks of power.
There is a staircase back to the Dungeon here.
You climb upwards.
Welcome back to the Dungeon!
There is a staircase to the Ecumenical Temple here.
There is a dry fountain here.
You now have 227 gold pieces (gained 9).
Found 4 gold pieces.
The shadow imp shouts, "Out, out, thou impertinent knotty-pated frater!"
You see here 9 gold pieces.
There are monsters nearby!
Okay, then.
Are you sure you want to abandon this character and quit the game? (Confirm with "yes".)

#.⌠..>..⌠.......###
#........^####..# ##
####...#######..##.#
#.⌠.# #....#.#
#...#####.#...#
##..##.##....#.#
#.###.......##<#
#..............#
#.###.####@##### #.#
#.# #.# #.# #.# ...
#.. ..# ....w ###
###...$... #.......#
#.......# #....5..#


You could see a shadow imp and a dart slug (wandering).

Vanquished Creatures
  Blork the orc (D:4)
  3 scorpions (D:5)
  An orc priest (D:3)
  A hound (D:5)
  Terence (D:2)
  An orc wizard (D:3)
  4 gnolls (D:5)
  8 adders
  A shadow imp (D:5)
  A white imp (D:5)
  A worm (D:2)
  A dart slug (D:3)
  14 orcs
  3 endoplasms
  2 giant cockroaches
  10 goblins
  7 hobgoblins
  6 jackals (D:1)
  6 kobolds
  8 quokkas
  4 ball pythons
  2 bats (D:3)
  4 frilled lizards
  4 rats
94 creatures vanquished.

Notes
Turn   | Place    | Note
-------+----------+-------------------------------------------
     0 | D:1      | MacCMillion the Spriggan Hexslinger began the quest for the
                  | Orb.
     0 | D:1      | Reached XP level 1. HP: 9/9 MP: 3/3
    93 | D:1      | Reached XP level 2. HP: 12/14 MP: 5/5
   269 | D:1      | Reached skill level 3 in Ranged Weapons
   286 | D:1      | Found a faded altar of an unknown god.
   644 | D:2      | Reached XP level 3. HP: 17/17 MP: 6/6
   728 | D:2      | Noticed Terence
   737 | D:2      | Killed Terence
   738 | D:2      | Reached skill level 4 in Ranged Weapons
   764 | D:2      | Reached XP level 4. HP: 21/21 MP: 4/7
  1151 | D:2      | Noticed Natasha
  1263 | D:2      | Found Ibleseb's Distillery.
  1268 | D:2      | Bought a potion of heal wounds for 50 gold pieces
  1877 | D:3      | Reached skill level 5 in Ranged Weapons
  1877 | D:3      | Reached XP level 5. HP: 19/25 MP: 6/8
  2807 | D:4      | Noticed a +0 falchion
  2807 | D:4      | Noticed a +0 spear
  2808 | D:4      | Noticed a +0 dagger
  2809 | D:4      | Noticed a +0 short sword
  2810 | D:4      | Noticed a +0 spear
  2810 | D:4      | Noticed a +0 falchion
  2811 | D:4      | Noticed a +0 dagger
  2812 | D:4      | Found a hide-covered altar of Uskayaw.
  2812 | D:4      | Noticed a +0 short sword
  2947 | D:4      | Noticed Blork the orc
  3062 | D:4      | Killed Blork the orc
  3063 | D:4      | Reached skill level 6 in Ranged Weapons
  3063 | D:4      | Reached XP level 6. HP: 25/29 MP: 9/9
  3834 | D:4      | Noticed Grinder
  3976 | D:5      | Entered Level 5 of the Dungeon
  3980 | D:5      | Reached skill level 1 in Stealth
  4294 | D:5      | Reached XP level 7. HP: 32/32 MP: 10/10
  4387 | D:5      | Found a staircase to the Ecumenical Temple.
  4466 | Temple   | Entered the Ecumenical Temple
  4652 | Temple   | Became a worshipper of Nemelex Xobeh the Trickster
  4688 | D:5      | Quit the game

Illustrated notes

Levels and vault maps discovered:
D:1:      reono_arrival_forest_river, layout_rooms,
          shapermc_ecumenical_altar_venn, ebering_dispersal_statue_hall
D:2:      cheibrodos_pilgrimage, layout_basic, serial_shops,
          nicolae_shop_hallway_stairs, minmay_fractal_squares_gapless_5,
          uniq_natasha, uniq_terence
D:3:      layout_rooms, kennysheep_generic_room_9
D:4:      layout_layer_cave, nicolae_uskayaw_en_pointe, uniq_blork_the_orc,
          uniq_grinder
D:5:      layout_loops_cross, minmay_temple_entry_junction
Temple:   nicolae_temple_bog_church

Skill      XL: |  1  2  3  4  5  6 |
---------------+-------------------+-----
Ranged Weapons | 3 4 5 6 |  6.9
Stealth        | 3 |  3.7
Hexes          | 4 |  4.8
Fighting       | |  0.7
Dodging        | |  2.7
Spellcasting   | |  1.4

Action                     |  1- 3 |  4- 6 |  7- 9 || total
---------------------------+-------+-------+-------++-------
   Fire: Sling             |    87 |   224 |    31 ||   342
  Throw: Dart              |       |     5 |       ||     5
   Cast: Slow              |     5 |    15 |     4 ||    24
 Armour: Robe              |     1 |     7 |     1 ||     9
  Dodge: Dodged            |    25 |    56 |     4 ||    85

Table legend: (Time is in decaauts)
 A = Elapsed time spent in this place.
 B = Non-inter-level travel time spent in this place.
 C = Inter-level travel time spent in this place.
 D = Time resting spent in this place.
 E = Time spent auto-exploring this place.
 F = Levels seen in this place.
 G = Mean time per level.
                   A        B        C        D        E       F      G
               +--------+--------+--------+--------+--------+-----+--------+
         Total |   3312 |   3057 |    255 |    502 |   1611 |   6 |  552.0 |
       Dungeon |   3185 |   2939 |    246 |    502 |   1542 |   5 |  637.0 |
        Temple |    126 |    117 |      9 |      0 |     68 |   1 |  126.0 |
               +--------+--------+--------+--------+--------+-----+--------+

Top non-repeatable levels by time:
     D:4: 952 daAuts
     D:2: 935 daAuts
     D:1: 529 daAuts
     D:3: 475 daAuts
     D:5: 293 daAuts
  Temple: 126 daAuts
